 Dungeon Crawl Stone Soup version 0.29-a0-823-gc37b1572da (webtiles) character file.

Game seed: 7205266327364355119

971 bande the Chopper (level 8, -7/49 HPs)
             Began as a Gargoyle Fighter on July 9, 2022.
             Was a Follower of Okawaru.
             Mangled by an ogre
             ... wielding a +0 giant spiked club
              (20 damage)
             ... on level 5 of the Dungeon.
             The game lasted 00:09:03 (6073 turns).

bande the Chopper (Gargoyle Fighter)                Turns: 6073, Time: 00:09:03

Health: -7/49      AC: 21    Str: 20    XL:     8   Next: 16%
Magic:  9/9        EV:  5    Int: 17    God:    Okawaru [*.....]
Gold:   242        SH:  6    Dex: 11    Spells: 7/7 levels left

rFire   + . .      SeeInvis .   a - +0 war axe
rCold   + . .      Faith    .   c - +1 buckler
rNeg    + + .      Spirit   .   f - +0 plate armour
rPois   ∞          Reflect  .   s - +0 helmet
rElec   +          Harm     .   (no cloak)
rCorr   .          Rampage  .   (no gloves)
Will    +++..      Clarity  +   k - +1 pair of boots "Niamimef" {Contam Int+8}
Stlth   ..........              b - amulet of the Four Winds {rN+ Will+++ Clar}
HPRegen 0.16/turn               g - ring of protection from fire
MPRegen 0.11/turn               l - ring of flight

@: mighty, flying, unable to read
A: sickness immunity, AC +5, negative energy resistance 1, electricity
resistance, torment resistance 1, petrification resistance, cold resistance 1,
inability to read while threatened 1
a: Renounce Religion, Heroism


You were on level 5 of the Dungeon.
You worshipped Okawaru.
Okawaru was aware of your devotion.
You visited 2 branches of the dungeon, and saw 6 of its levels.

You collected 242 gold pieces.

Inventory:

Hand Weapons
 a - a +0 war axe (weapon)
 n - a +0 war axe
 o - a +0 flail
Armour
 c - a +1 buckler (worn)
 f - a +0 plate armour (worn)
 k - the +1 pair of boots "Niamimef" (worn) {Contam Int+8}
   (You found it on level 4 of the Dungeon)

   Int:       It affects your intelligence (+8).
   Contam:    It causes magical contamination when unequipped.
 s - a +0 helmet (worn)
Jewellery
 b - the amulet of the Four Winds (around neck) {rN+ Will+++ Clar}
   (You found it on level 2 of the Dungeon)

   [amulet of nothing]

   rN:        It protects you from negative energy.
   Clar:      It protects you against confusion.
   Will:      It greatly increases your willpower.
 g - a ring of protection from fire (left hand)
 l - a ring of flight (right hand)
 p - the amulet of Bodily Harmony {RegenMP rF+ Int+2 Slay-6}
   (You found it on level 4 of the Dungeon)

   [amulet of magic regeneration]

   It increases your rate of magic regeneration.
   Int:       It affects your intelligence (+2).
   Slay:      It affects your accuracy & damage with ranged weapons and melee
   (-6).
   rF:        It protects you from fire.
Scrolls
 e - a scroll of fog
 i - a scroll of fear
Potions
 h - a potion of magic
 j - 3 potions of brilliance
 m - a potion of heal wounds {unknown}
 q - a potion of haste


   Skills:
 + Level 5.2 Fighting
 + Level 6.0 Axes
 + Level 4.9 Armour
 + Level 4.9 Shields
 * Level 2.4 Invocations


You had 7 spell levels left.
You didn't know any spells.
Your spell library contained the following spells:

 Spells                   Type           Power      Damage    Failure   Level
 Slow                     Hex            0%         N/A       100%        1
 Confusing Touch          Hex            0%         N/A       100%        3
 Vampiric Draining        Necr           0%         2d6       100%        3
 Summon Small Mammal      Summ           Unusable   N/A       N/A         1
 Call Canine Familiar     Summ           Unusable   N/A       N/A         3
 Summon Guardian Golem    Hex/Summ       Unusable   N/A       N/A         3

Dungeon Overview and Level Annotations

Branches:
Dungeon (5/15)             Temple (1/1) D:4

Altars:
Ashenzari
Elyvilon
Fedhas
Kikubaaqudgha
Makhleb
Okawaru
Qazlal
Trog
Uskayaw
Vehumet
Xom
Yredelemnul


Innate Abilities, Weirdness & Mutations

You are immune to sickness and miasma.
Your stone body is resilient. (AC +5)
You are immune to poison.
You resist negative energy. (rN+)
You are resistant to electric shocks. (rElec)
You are resistant to unholy torment.
You are immune to petrification.
Your flesh is cold resistant. (rC+)
You occasionally lose the ability to read scrolls when taking damage.


Message History

You kill the black bear!
Okawaru accepts your kill.
Your Axes skill increases to level 6!
An ogre comes into view. It is wielding a +0 giant spiked club.
The ogre shouts!
Found a scroll labelled RIKLERPH INYR.
You block the ogre's attack.
A jelly comes into view.
An adder comes into view.
You see here a scroll labelled GIOKHL HETEPP.
The adder hisses angrily.
The ogre hits you with a +0 giant spiked club!
You hit the ogre.
The ogre is lightly wounded.
An orc comes into view. It is wielding a +0 dagger.
The ogre hits you with a +0 giant spiked club!
The orc moves out of view.
You slash the ogre!
The ogre is heavily wounded.
You hit the ogre but do no damage.
The ogre is heavily wounded.
The ogre hits you with a +0 giant spiked club.
You hit the ogre.
The ogre is heavily wounded.
You hit the jelly.
Your hands burn!
A hound comes into view.
The ogre closely misses you. The jelly barely misses you.
You block the adder's attack.
The hound barks!
You hit the ogre.
The ogre is severely wounded.
You hit the jelly.
Your hands burn!
You miss the adder. The adder bites you but does no damage.
The jelly hits you but does no damage.
The ogre hits you with a +0 giant spiked club.
* * * LOW HITPOINT WARNING * * *
You block the adder's attack. The jelly hits you but does no damage.
You feel very mighty all of a sudden. The adder bites you but does no damage.
The ogre hits you with a +0 giant spiked club!!
You feel threatened and lose the ability to read scrolls!
You die...

................
.............?..
.................
..................
.......[.................
.........................
.......SOJ.h.............
.......?@................
.........................
######.......####........
#.......# #........
#.......# #........
#.......####........
....................#.
#.....####..†.......#.
#.....# #..........#.


You could see an ogre, a hound, a jelly and an adder.

Vanquished Creatures
  Grinder (D:3)
  A black bear (D:5)
  A centaur (D:5)
  A phantom (D:4)
  Blork the orc (D:4)
  2 scorpions
  2 hounds
  Natasha (thrice) (D:4)
  Robin (D:4)
  4 gnolls
  8 adders
  2 worms (D:3)
  3 dart slugs
  2 orcs (D:4)
  6 bats
  8 endoplasms
  4 giant cockroaches
  8 hobgoblins
  2 jackals (D:1)
  A quokka (D:1)
  2 ball pythons (D:4)
  7 frilled lizards
  11 goblins
  7 kobolds
  7 rats
95 creatures vanquished.

Notes
Turn   | Place    | Note
-------+----------+-------------------------------------------
     0 | D:1      | bande the Gargoyle Fighter began the quest for the Orb.
     0 | D:1      | Reached XP level 1. HP: 14/14 MP: 1/1
   251 | D:1      | You fall into a shaft and drop 1 floor!
   251 | D:2      | Found the amulet of the Four Winds {rN+ Will+++ Clar}
   272 | D:2      | Reached skill level 2 in Axes
   272 | D:2      | Reached XP level 2. HP: 19/19 MP: 2/2
   623 | D:1      | Reached XP level 3. HP: 23/24 MP: 3/3
  1037 | D:1      | Found a faded altar of an unknown god.
  1505 | D:1      | HP: 1/24 [gnoll/+0 whip (7)]
  2423 | D:2      | Reached XP level 4. HP: 17/29 MP: 4/4
  2785 | D:2      | Reached skill level 3 in Axes
  3313 | D:3      | Reached XP level 5. HP: 30/33 MP: 5/5
  3427 | D:3      | Found a burning altar of Makhleb.
  3427 | D:3      | Noticed Grinder
  3497 | D:3      | Killed Grinder
  3498 | D:3      | Reached skill level 4 in Axes
  3498 | D:3      | Reached XP level 6. HP: 26/39 MP: 6/6
  3828 | D:3      | Found a radiant altar of Vehumet.
  3857 | D:3      | Gained mutation: You occasionally lose the ability to read
                  | scrolls when taking damage. [potion of mutation]
  3857 | D:3      | Gained mutation: Your flesh is cold resistant. (rC+)
                  | [potion of mutation]
  4142 | D:3      | Found a faded altar of an unknown god.
  4430 | D:4      | Reached XP level 7. HP: 39/44 MP: 7/7
  4488 | D:4      | Identified the amulet of Bodily Harmony {RegenMP rF+ Int+2
                  | Slay-6}
  4564 | D:4      | Found a staircase to the Ecumenical Temple.
  4585 | D:4      | Noticed Natasha
  4595 | D:4      | Killed Natasha
  4620 | Temple   | Entered the Ecumenical Temple
  4656 | Temple   | Became a worshipper of Warmaster Okawaru
  4923 | D:4      | Noticed Robin
  4934 | D:4      | Killed Robin
  4992 | D:4      | Reached skill level 5 in Axes
  5092 | D:4      | Noticed Natasha
  5095 | D:4      | Killed Natasha
  5096 | D:4      | Reached skill level 1 in Invocations
  5167 | D:4      | Identified the +1 pair of boots "Niamimef" {Contam Int+8}
  5167 | D:4      | Noticed Blork the orc
  5179 | D:4      | Killed Blork the orc
  5328 | D:4      | Reached skill level 5 in Fighting
  5379 | D:4      | Noticed Natasha
  5383 | D:4      | Killed Natasha
  5846 | D:5      | Entered Level 5 of the Dungeon
  5994 | D:5      | Reached * piety under Okawaru
  5995 | D:5      | Reached XP level 8. HP: 41/49 MP: 9/9
  6058 | D:5      | Reached skill level 6 in Axes
  6073 | D:5      | Mangled by an ogre

Illustrated notes

Levels and vault maps discovered:
D:1:      psy_arrival_radial02, layout_basic, ebering_ecumenical_altar_rust
D:2:      layout_basic
D:3:      layout_basic, mainiacjoe_overflow_small_starburst,
          nicolae_overflow_ecumenical_swirl, lightli_temple_of_fire,
          uniq_grinder
D:4:      layout_layer_cave, temple_green, uniq_robin, uniq_blork_the_orc,
          uniq_natasha
D:5:      layout_basic, gammafunk_temple_overflow_wave
Temple:   nicolae_temple_great_sept

Skill      XL: |  1  2  3  4  5  6  7  8 |
---------------+-------------------------+-----
Axes           | 2 3 4 5 6 |  6.0
Fighting       | 4 5 |  5.2
Armour         | 4 |  4.9
Shields        | 4 |  4.9
Invocations    | 2 |  2.4

Action                   |  1- 3 |  4- 6 |  7- 9 || total
-------------------------+-------+-------+-------++-------
Melee: War axe           |    94 |   141 |   122 ||   357
  Use: Scroll            |       |     8 |     2 ||    10
       Potion            |       |     1 |     1 ||     2
Armor: Scale mail        |     7 |       |       ||     7
       Plate armour      |    97 |   108 |   140 ||   345
Dodge: Dodged            |    40 |    29 |    43 ||   112
Block: Buckler           |    22 |    31 |    51 ||   104

Table legend: (Time is in decaauts)
 A = Elapsed time spent in this place.
 B = Non-inter-level travel time spent in this place.
 C = Inter-level travel time spent in this place.
 D = Time resting spent in this place.
 E = Time spent auto-exploring this place.
 F = Levels seen in this place.
 G = Mean time per level.
                   A        B        C        D        E       F      G
               +--------+--------+--------+--------+--------+-----+--------+
         Total |   6200 |   6086 |    114 |   1756 |   3189 |   6 | 1033.3 |
       Dungeon |   6048 |   5934 |    114 |   1656 |   3189 |   5 | 1209.6 |
        Temple |    152 |    152 |      0 |    100 |      0 |   1 |  152.0 |
               +--------+--------+--------+--------+--------+-----+--------+

Top non-repeatable levels by time:
     D:1: 2226 daAuts
     D:4: 1362 daAuts
     D:2: 1123 daAuts
     D:3: 1095 daAuts
     D:5: 240 daAuts
  Temple: 152 daAuts
